 Dungeon Crawl Stone Soup version 0.26.1-11-gd32895ea62 (webtiles) character file.

Game seed: 14974305797375601924

1376 nothank2 the Frost Mage (level 8, -4/57 HPs)
             Began as a White Draconian Ice Elementalist on July 12, 2021.
             Slain by a phantom (8 damage)
             ... on level 6 of the Dungeon.
             The game lasted 00:17:08 (7533 turns).

nothank2 the Frost Mage (DrIE)                      Turns: 7533, Time: 00:17:10

Health: -4/57      AC:  8    Str: 17    XL:     8   Next: 39%
Magic:  15/15      EV: 12    Int: 21    God:
Gold:   203        SH:  0    Dex: 11    Spells: 9/17 levels left

rFire    . . .     SeeInvis .   x - +6 war axe of Traps {vorpal, *Noise Str+7 Int+2}
rCold    + . .     Faith    .   (no shield)
rNeg     . . .     Spirit   .   (armour unavailable)
rPois    .         Reflect  .   (helmet restricted)
rElec    .         Harm     .   v - +0 cloak
rCorr    .         Rampage  .   w - +0 pair of gloves
Will     .....                  (no boots)
Stlth    ++........             (no amulet)
HPRegen  0.19/turn              (no ring)
MPRegen  0.14/turn              (no ring)

@: no status effects
A: breathe frost, unfitting armour, cold resistance 1, cold-blooded, AC +6
a: Breathe Frost


You were on level 6 of the Dungeon.
You visited 1 branch of the dungeon, and saw 6 of its levels.
You also visited: Sewer.

You collected 203 gold pieces.

Inventory:

Hand Weapons
 d - a +0 short sword
 e - a +4 dagger of protection
 n - the +7 flail of Autumn {drain, *Rage rC+++ Will- Dex+4}
   (You found it on level 4 of the Dungeon)

   A truly terrible weapon, it drains the life of those it strikes.
   It affects your dexterity (+4).
   It renders you almost immune to cold.
   It affects your willpower, your defense against some magical effects.
   It may make you go berserk in combat.
 x - the +6 war axe of Traps (weapon) {vorpal, *Noise Str+7 Int+2}
   (You found it on level 5 of the Dungeon)

   It inflicts extra damage upon your enemies.
   It affects your strength (+7).
   It affects your intelligence (+2).
   It may make noises in combat.
Missiles
 o - 19 poisoned darts
Armour
 v - a +0 cloak (worn)
 w - a +0 pair of gloves (worn)
Wands
 l - a wand of acid (6)
 q - a wand of enslavement (10)
 r - a wand of flame (9)
Scrolls
 a - a scroll of amnesia
 c - 6 scrolls of teleportation {unknown}
 f - a scroll of random uselessness
 i - a scroll of remove curse
 t - a scroll of noise {unknown}
 u - 2 scrolls of fear {unknown}
Potions
 b - a potion of degeneration {unknown}
 g - a potion of lignification {unknown}
 h - 3 potions of curing
 j - 2 potions of might {unknown}
 k - 3 potions of flight
 m - a potion of ambrosia
 p - a potion of mutation {unknown}
 s - 2 potions of invisibility {unknown}


   Skills:
 - Level 1.7 Dodging
 - Level 1.7 Stealth
 + Level 5.2 Spellcasting
 + Level 4.3 Conjurations
 * Level 10.2 Ice Magic


You had 9 spell levels left.
You knew the following spells:

 Your Spells              Type           Power        Failure   Level
a - Freeze                Ice            100%         1%          1
b - Frozen Ramparts       Ice            96%          1%          3
c - Hailstorm             Conj/Ice       36%          5%          4

Your spell library contained the following spells:

 Spells                   Type           Power        Failure   Level
 Ozocubu's Armour         Ice            48%          1%          3
 Summon Ice Beast         Ice/Summ       26%          13%         4


Dungeon Overview and Level Annotations

Branches:
Dungeon (6/15)              Sewer (visited)
 Temple: D:4-7

Altars:
Gozag
Makhleb
Nemelex Xobeh
Qazlal
Uskayaw

Shops:
D:4 }   D:5 ([


Innate Abilities, Weirdness & Mutations

You can breathe waves of freezing cold.
You can buffet flying creatures when you breathe cold.
Your icy white scales are hard. (AC +6)
You cannot fit into any form of body armour.
Your flesh is cold resistant. (rC+)
You are cold-blooded and may be slowed by cold attacks.


Message History

The phantom is almost destroyed.
The phantom hits you but does no damage.
You barely miss the phantom.
Your tail-slap misses the phantom.
The phantom is almost destroyed.
The phantom hits you.
* * * LOW HITPOINT WARNING * * *
The phantom blinks!
The phantom completely misses you.
You closely miss the phantom.
The phantom is almost destroyed.
The phantom hits you.
* * * LOW HITPOINT WARNING * * *
The ice beast hits you but does no damage.
You closely miss the phantom.
The phantom is almost destroyed.
You hit the ice beast. The phantom misses you. The ice beast hits you.
* * * LOW HITPOINT WARNING * * *
The ice beast freezes you. You resist.
* * * LOW HITPOINT WARNING * * *
The phantom hits you!
You die...

####... ..#....
....... #.....
..... .###...
#..
......†###.....
..⌠....@Y......
.......W†......
.###.†........$
........(....
#...........#.
...............
.............##
...######....#


You could see a phantom and an ice beast.

Vanquished Creatures
  Prince Ribbit (D:5)
  An ice beast (D:5)
  2 sky beasts (D:5)
  An ogre (D:4)
  A centaur (D:5)
  A bullfrog (D:6)
  A scorpion (D:4)
  A bullfrog zombie (D:5)
  2 orc wizards (D:5)
  3 hounds
  2 bullfrog skeletons
  An iguana (D:6)
  6 worker ants
  7 adders
  2 river rats (D:5)
  An ufetubus (D:6)
  3 oozes
  7 worms
  6 leopard geckos
  5 orcs
  4 ball pythons
  4 giant cockroaches
  6 goblins
  9 hobgoblins
  6 jackals
  14 kobolds
  2 quokkas
  10 bats
  5 frilled lizards
  A quokka zombie (D:3)
  5 rats
120 creatures vanquished.

Notes
Turn   | Place    | Note
-------+----------+-------------------------------------------
     0 | D:1      | nothank2 the Draconian Ice Elementalist began the quest for
                  | the Orb.
     0 | D:1      | Reached XP level 1. HP: 14/14 MP: 3/3
   216 | D:1      | You fall into a shaft and drop 1 floor!
   389 | D:2      | Found a stormy altar of Qazlal.
   454 | D:2      | Found an opulent altar of Gozag.
   595 | D:2      | Reached XP level 2. HP: 18/20 MP: 5/5
  1156 | D:1      | Reached XP level 3. HP: 18/26 MP: 4/6
  1258 | D:1      | Learned a level 3 spell: Frozen Ramparts
  1969 | D:2      | Found a faded altar of an unknown god.
  2249 | D:2      | Reached skill level 5 in Ice Magic
  2691 | D:2      | Reached XP level 4. HP: 23/33 MP: 3/8
  3404 | D:3      | Learned a level 4 spell: Hailstorm
  3561 | D:4      | Reached XP level 5. HP: 25/38 MP: 3/9
  3567 | D:4      | Got an ancient flail
  3568 | D:4      | Identified the +7 flail of Autumn {drain, *Rage rC+++ Will-
                  | Dex+4} (You found it on level 4 of the Dungeon)
  3688 | D:4      | Reached skill level 1 in Conjurations
  3810 | D:4      | Reached skill level 6 in Ice Magic
  3873 | D:4      | Found Lomut's Gadget Emporium.
  4161 | D:4      | Reached XP level 6. HP: 45/45 MP: 11/11
  4578 | D:5      | Entered Level 5 of the Dungeon
  4677 | D:5      | Noticed an ice beast
  4684 | D:5      | Killed an ice beast
  4685 | D:5      | Reached skill level 7 in Ice Magic
  4685 | D:5      | Your scales start taking on an icy white colour.
  4685 | D:5      | Reached skill level 8 in Ice Magic
  4685 | D:5      | Reached XP level 7. HP: 50/50 MP: 11/13
  4685 | D:5      | Gained mutation: Your flesh is cold resistant. (rC+) [White
                  | Draconian growth]
  4850 | D:5      | Found Jyesmy's Weapon Emporium.
  5102 | D:5      | Found a glowing drain.
  5118 | Sewer    | Entered a sewer
  5680 | Sewer    | Reached skill level 9 in Ice Magic
  6068 | D:5      | Found a sparkling altar of Nemelex Xobeh.
  6164 | D:5      | Found Cesaepic's Armour Emporium.
  6235 | D:5      | Noticed Prince Ribbit
  6250 | D:5      | Killed Prince Ribbit
  6251 | D:5      | Reached XP level 8. HP: 56/57 MP: 7/15
  6328 | D:5      | Reached skill level 5 in Spellcasting
  6328 | D:5      | Reached skill level 10 in Ice Magic
  6716 | D:5      | Got a faintly glowing war axe
  6825 | D:5      | Found a hide-covered altar of Uskayaw.
  6828 | D:5      | Identified the +6 war axe of Traps {vorpal, *Noise Str+7
                  | Int+2} (You found it on level 5 of the Dungeon)
  7020 | D:5      | Found a burning altar of Makhleb.
  7533 | D:6      | Slain by a phantom

Illustrated notes

Levels and vault maps discovered:
D:1:      dpeg_arrival_oval, layout_basic, kennysheep_minor_cross,
          serial_park_tiny_1
D:2:      layout_basic, lemuel_round_altar,
          chequers_ecumenical_altar_simple_redux, chequers_garden,
          grunt_qazlal_sundering
D:3:      layout_basic, hangedman_decor_slide_cut, uniq_terence
D:4:      layout_gridville, serial_shops, shop
D:5:      layout_basic, marbit_many_paths, nemelex_altar_shiori,
          lightli_temple_of_fire, serial_shops, shop, nicolae_shop_statue_plus,
          lightli_sewer_entry_pipes, uniq_prince_ribbit1
D:6:      gammafunk_cloud_chamber, layout_basic,
          lemuel_zombie_altar_yredelemnul, minmay_temple_entry_junction_2

Skill      XL: |  1  2  3  4  5  6  7  8 |
---------------+-------------------------+-----
Ice Magic      | 5 6 8 9 10 | 10.2
Spellcasting   | 3 4 5 |  5.2
Conjurations   | 1 2 4 |  4.3
Dodging        | |  1.7
Stealth        | |  1.7

Action                   |  1- 3 |  4- 6 |  7- 9 || total
-------------------------+-------+-------+-------++-------
Melee: Club              |     6 |       |       ||     6
       Short sword       |    47 |    14 |       ||    61
       Tailslap          |     5 |     4 |     3 ||    12
       Flail             |       |    36 |       ||    36
       Dagger            |       |       |    62 ||    62
       War axe           |       |       |    17 ||    17
Throw: Stone             |     1 |    11 |       ||    12
       Dart              |       |     2 |     3 ||     5
 Cast: Freeze            |    40 |    30 |    88 ||   158
       Frozen Ramparts   |       |     1 |     2 ||     3
       Hailstorm         |       |       |     2 ||     2
 Abil: Breathe Frost     |       |       |     1 ||     1
  Use: Scroll            |       |     8 |       ||     8
 Stab: Sleeping          |     2 |     2 |     2 ||     6
Armor: Skin              |    27 |    16 |    47 ||    90
Dodge: Dodged            |    50 |    53 |   106 ||   209
